 Dungeon Crawl Stone Soup version 0.17.0-24-gcfadda4 (console) character file.

63 jw the Cutter (level 4, -4/31 HPs)
             Began as an Octopode Berserker on Nov 16, 2015.
             Was a Believer of Trog.
             Slain by a worm (10 damage)
             ... on level 2 of the Dungeon.
             The game lasted 00:03:32 (1275 turns).

jw the Cutter (Octopode Berserker)                  Turns: 1275, Time: 00:03:32

Health: -4/31      AC:  3    Str: 16    XL:     4   Next: 9%
Magic:  4/4        EV: 13    Int:  9    God:    Trog [**....]
Gold:   44         SH:  0    Dex: 12    Spells: 0 memorised, 3 levels left

rFire  + . .     SeeInvis .     a - +0 short sword
rCold  + . .     Clarity  .     (no shield)
rNeg   . . .     SustAt   .     (helmet restricted)
rPois  .         Gourm    .     (no amulet)
rElec  .         Spirit   .     i - ring of protection from fire
rCorr  .         Warding  .     e - ring of protection from cold
rMut   .         Stasis   .     (no ring)
MR     .....                    (no ring)
Stlth  +++.......               (no ring)
                                (no ring)
                                (no ring)
                                (no ring)

@: not resistant to hostile enchantments, fairly stealthy
A: almost no armour, amphibious, 8 rings, constrict 8, tentacle spike 1, thin
metallic scales 1, camouflage 1, wild magic 1, gelatinous body 1
a: Berserk, Trog's Hand, Burn Spellbooks, Renounce Religion


You were on level 2 of the Dungeon.
You worshipped Trog.
Trog was pleased with you.
You were not hungry.

You visited 1 branch of the dungeon, and saw 2 of its levels.

You collected 44 gold pieces.

Inventory:

Hand Weapons
 a - a +0 short sword (weapon)
Missiles
 f - 13 stones (quivered)
Jewellery
 e - a ring of protection from cold (right tentacle)
 i - a ring of protection from fire (left tentacle)
Potions
 c - a potion of invisibility {unknown}
 d - a potion of heal wounds {unknown}
 h - a potion of flight {unknown}
Comestibles
 b - a bread ration
 g - a beef jerky


   Skills:
 + Level 3.2 Fighting
 * Level 3.7 Short Blades
 + Level 1.0 Throwing
 + Level 3.3 Dodging
 * Level 2.4 Stealth


You had 3 spell levels left.
You didn't know any spells.

Dungeon Overview and Level Annotations

Branches:
Dungeon (2/15)

Altars:


Innate Abilities, Weirdness & Mutations

You cannot wear most types of armour.
You are amphibious.
You can wear up to eight rings at the same time.
You can use your tentacles to constrict eight enemies at once.
Your skin changes colour to match your surroundings (Stealth).
Your rubbery body absorbs attacks (AC +1).
One of your tentacles bears a spike.
You are partially covered in thin metallic scales (AC +2).
Your spells are a little harder to cast, but a little more powerful.


Message History

You hit the worm. Your grab misses the worm.
You pierce the worm, but do no damage.
The worm is moderately wounded.
MOVING TO (0,1) KIIIITING; MOVING TO (2,0) MOVING TO (1,0) MOVING TO (-4,-2)
You completely miss the worm. Your grab misses the worm.
You pierce the worm, but do no damage.
The worm is moderately wounded.
The worm bites you.
KIIIITING; MOVING TO (-3,-2)
You hit the worm but do no damage. Your grab misses the worm.
You pierce the worm, but do no damage.
The worm is lightly wounded.
MOVING TO (-2,-2)
You hit the worm. You grab the worm.
The worm is moderately wounded.
You constrict the worm. The worm bites you!
You die...

...#..................#....##..##
...[...........####.....######...
..#....###.............## ####
##.....# ##...######....# #
#.#..## ##..........#...# #
..#### #.########.#.....# # ...
#..........###....# ...
###.###....# ...[. #.wx....##
.... #####...# ...# #...# .##
#####


You could see a worm.

Table legend:
 A = Turns spent in this place as a percentage of turns spent in the entire game.
 B = Non-inter-level travel turns spent in this place as a percentage of non-inter-level travel turns spent in the entire game.
 C = Inter-level travel turns spent in this place as a percentage of turns spent in this place.
 D = Turns resting spent in this place as a percentage of non-inter-level travel turns spent in this place.
 E = Turns spent auto-exploring this place as a percentage of non-inter-level travel turns spent in this place.
 F = Non-inter-level travel turns spent in this place divided by the number of levels of this place that you've seen.
                   A       B       C       D       E      F
               +-------+-------+-------+-------+-------+----------------------
         Total | 100.0 | 100.0 |   0.6 |   1.1 |   2.6 | 856.0
       Dungeon | 100.0 | 100.0 |   0.6 |   1.1 |   2.6 | 856.0
               +-------+-------+-------+-------+-------+----------------------

Table legend:
 A = Kills in this place as a percentage of kills in entire the game.
 B = Kills by you in this place as a percentage of kills by you in the entire game.
 C = Kills by friends in this place as a percentage of kills by friends in the entire game.
 D = Other kills in this place as a percentage of other kills in the entire game.
 E = Experience gained in this place as a percentage of experience gained in the entire game.
 F = Experience gained in this place divided by the number of levels of this place that you have seen.
                   A       B       C       D       E      F
               +-------+-------+-------+-------+-------+----------------------
         Total | 100.0 | 100.0 |  -nan |  -nan | 100.0 |  45.0
       Dungeon | 100.0 | 100.0 |  -nan |  -nan | 100.0 |  45.0
               +-------+-------+-------+-------+-------+----------------------

Vanquished Creatures
  Terence (D:2)
  An adder (D:2)
  A worm (D:2)
  2 giant cockroaches (D:2)
  7 goblins
  A hobgoblin (D:1)
  A ball python (D:1)
  A bat (D:2)
  4 jackals (D:1)
  5 kobolds (D:1)
  6 rats
30 creatures vanquished.

Notes
Turn   | Place    | Note
--------------------------------------------------------------
     0 | D:1      | jw the Octopode Berserker began the quest for the Orb.
     0 | D:1      | Reached XP level 1. HP: 16/16 MP: 1/1
    88 | D:1      | Reached skill level 1 in Stealth
   244 | D:1      | Reached XP level 2. HP: 21/21 MP: 2/2
   559 | D:1      | Reached ** piety under Trog
   927 | D:1      | Gained mutation: One of your tentacles bears a spike. [potion of mutation]
   927 | D:1      | Gained mutation: Your spells are a little harder to cast, but a little more powerful. [potion of mutation]
   927 | D:1      | Gained mutation: You are partially covered in thin metallic scales (AC +2). [potion of mutation]
   977 | D:2      | Noticed Terence
   986 | D:2      | Killed Terence
   986 | D:2      | Reached XP level 3. HP: 26/26 MP: 3/3
  1061 | D:2      | Reached skill level 1 in Throwing
  1061 | D:2      | Reached XP level 4. HP: 31/31 MP: 4/4
  1275 | D:2      | Slain by a worm

Action                   |  1- 3 |  4- 6 || total
-------------------------+-------+-------++-------
Melee: Short sword       |    43 |    13 ||    56
Throw: Stone             |    24 |     4 ||    28
Invok: Berserk           |     2 |       ||     2
       Trog's Hand       |     1 |       ||     1
  Use: Scroll            |     2 |       ||     2
       Potion            |     2 |       ||     2
 Stab: Sleeping          |     4 |     1 ||     5
  Eat: Chunk             |     2 |     1 ||     3

Vault maps used:
D:1:      eino_arrival_water_cross, serial_bayou_pond_b
D:2:      minmay_misc_feat_more_columns, uniq_iyjb, uniq_terence
